 Dungeon Crawl Stone Soup version 0.31.0-32-g396128a36d (webtiles) character file.

Game seed: 5028743658383320341

2549 mainiacjoe the Carver (level 9, -6/64 HPs)
             Began as an Octopode Monk on Mar 21, 2024.
             Was an Initiate of Yredelemnul.
             Mangled by Pikel
             ... wielding a +0 whip of freezing
              (8 damage)
             ... on level 7 of the Dungeon.
             The game lasted 00:14:27 (6403 turns).

mainiacjoe the Carver (Octopode Monk)               Turns: 6403, Time: 00:14:28

Health: -6/64      AC:  1    Str: 13    XL:     9   Next: 56%
Magic:  9/9        EV: 17    Int: 15    God:    Yredelemnul [......]
Gold:   321        SH:  0    Dex: 17    Spells: 8/8 levels left

rFire   + . .        a - +5 scimitar
rCold   . . .        c - orb {light}
rNeg    . . .        (helmet restricted)
rPois   .            (no amulet)
rElec   .            h - ring of protection from fire
rCorr   .            r - ring of see invisible
SInv    +            (no ring)
Will    .....        (no ring)
Stlth   +            (no ring)
HPRegen 0.30/turn    (no ring)
MPRegen 0.11/turn    (no ring)
                     (no ring)

%: no passive effects
@: glowing
A: almost no armour, amphibious, 8 rings, camouflage 1, gelatinous body 1,
(nimble swimmer 1), tentacles, clever 1, strong 1
a: Renounce Religion, Recall Undead Harvest


You were on level 7 of the Dungeon.
You worshipped Yredelemnul.
Yredelemnul was noncommittal.
You visited 2 branches of the dungeon, and saw 8 of its levels.

You collected 321 gold pieces.

Inventory:

Hand Weapons
 a - a +5 scimitar (weapon)
 j - a +3 great sword
 s - a +0 shortbow
Missiles
 d - 45 stones
 f - 5 javelins
 l - 5 atropa-tipped darts {=F}
 n - a boomerang
 t - 25 poisoned darts
 w - 4 curare-tipped darts {=F}
Armour
 c - an orb of light (worn)
Jewellery
 h - a ring of protection from fire (left tentacle)
 r - a ring of see invisible (right tentacle)
Wands
 x - a wand of quicksilver (6)
Scrolls
 e - a scroll of amnesia
 g - 6 scrolls of poison
 u - a scroll of vulnerability
Potions
 b - 2 potions of ambrosia
 i - 3 potions of curing
 k - 2 potions of enlightenment
 m - a potion of degeneration {unknown}
 p - a potion of mutation
 q - a potion of lignification {unknown}


   Skills:
 + Level 7.0 Fighting
 * Level 9.5 Long Blades
 + Level 7.0 Dodging


You had 8 spell levels left.
You didn't know any spells.
Your spell library contained the following spells:

 Spells                   Type           Power      Damage    Failure   Level
 Apportation              Tloc           0%         N/A       26%         1
 Necrotise                Necr           0%         1d4       26%         1
 Sting                    Conj/Alch      0%         1d3       26%         1
 Summon Small Mammal      Summ           0%         N/A       26%         1
 Cigotuvi's Dreadful Rot  Necr/Alch/Air  0%         N/A       38%         2
 Ensorcelled Hibernation  Hex/Ice        0%         N/A       38%         2
 Jinxbite                 Hex            0%         N/A       38%         2
 Passwall                 Erth           0%         N/A       63%         3
 Swiftness                Air            0%         N/A       63%         3
 Ignite Poison            Fire/Alch      0%         N/A       95%         4
 Alistair's Intoxication  Alch           0%         N/A       100%        5
 Freezing Cloud           Conj/Ice/Air   0%         6-21      100%        5


Dungeon Overview and Level Annotations

Branches:
Dungeon (7/15)             Temple (1/1) D:5

Altars:
Dithmenos
Elyvilon
Fedhas
Gozag
Hepliaklqana
Kikubaaqudgha
Makhleb
Nemelex Xobeh
Okawaru
Qazlal
Ru
Sif Muna
Vehumet
Wu Jian
Xom
Yredelemnul
Zin
The Shining One

Annotations:
D:5 1 runed translucent door, seawaffle's ghost, novice MiBe
D:7 Dowan; Duvessa; Pikel


Innate Abilities, Weirdness & Mutations

You cannot wear most types of armour.
You are amphibious.
You can wear up to eight rings at the same time.
Your skin changes colour to match your surroundings (Stealth+).
Your rubbery body absorbs attacks. (AC +1, EV +1)
((You are camouflaged when in or above water. (Stealth+)))
You have tentacles for arms and can constrict up to eight enemies at once.
Your mind is acute. (Int +4, Str/Dex -1)
Your muscles are strong. (Str +4, Int/Dex -1)


Message History

You constrict the orc warrior, but do no damage.
The howler monkey hits you.
* * * LOW HITPOINT WARNING * * *
The orc warrior closely misses you.
Duvessa says, "When magic and the sword combine, nothing stands against them."
Duvessa barely misses you. The howler monkey misses you.
You feel much better.
You constrict the howler monkey. You constrict the orc warrior.
The orc warrior struggles to escape constriction.
Duvessa hits you with a +0 rapier.
* * * LOW HITPOINT WARNING * * *
Pikel completely misses you. The howler monkey hits you.
* * * LOW HITPOINT WARNING * * *
Okay, then.
You feel much better.
You constrict the howler monkey.
You kill the howler monkey!
You constrict the orc warrior, but do no damage.
The orc warrior struggles to escape constriction.
Duvessa hits you with a +0 rapier! Pikel barely misses you.
The lemure closely misses you.
Your Fighting skill increases to level 7!
You barely miss Pikel. You grab Pikel. You constrict Pikel.
You constrict the orc warrior, but do no damage.
The orc warrior escapes!
Duvessa hits you with a +0 rapier!
* * * LOW HITPOINT WARNING * * *
Pikel hits you with a +0 whip of freezing!
* * * LOW HITPOINT WARNING * * *
Pikel freezes you.
* * * LOW HITPOINT WARNING * * *
The lemure closely misses you.
A lemure comes into view.
Dowan misses you.
You slash the orc warrior!
You kill the orc warrior!
You constrict Pikel, but do no damage. Duvessa hits you with a +0 rapier!
* * * LOW HITPOINT WARNING * * *
Pikel hits you with a +0 whip of freezing!
You die...
Pikel says, "Another soul for the market."
Your body rises from the dead as a mindless zombie.

...................
...................
...................
...................
...................
...................
...........5.......
.......)..ee5......
..........o@.......
..........K).......
...................
..[.######..######.
.... ##... ...
#.... .# #.... 5...


You could see Pikel, Duvessa, 3 lemures, Dowan and an orc.

Vanquished Creatures
  2 komodo dragons (D:6)
  An orc warrior (D:7)
  A black bear (D:6)
  An ogre (D:6)
  A centaur (D:6)
  A phantom (D:6)
  2 bullfrogs (D:6)
  3 wights (D:6)
  2 jellies (D:6)
  2 howler monkeys
  A bombardier beetle (D:3)
  3 hounds
  4 sleepcaps
  4 iguanas
  3 orc wizards
  4 gnolls
  9 adders
  A white imp (D:6)
  2 ribbon worms
  19 orcs
  7 endoplasms
  A giant cockroach (D:4)
  2 hobgoblins
  2 jackals (D:3)
  5 quokkas
  3 ball pythons
  9 bats
  2 frilled lizards
  2 goblins (D:1)
  11 kobolds
  A rat (D:2)
  A spectral goblin (D:2)
112 creatures vanquished.

Vanquished Creatures (collateral kills)
  A sky beast (D:6)
  A centaur (D:5)
  An ogre (D:6)
  A kobold brigand (D:6)
  2 wights (D:6)
  A howler monkey (D:5)
  2 orc priests (D:6)
  An iguana (D:5)
  A sleepcap (D:5)
  An orc wizard (D:6)
  2 gnolls (D:6)
  3 adders
  A shadow imp (D:6)
  2 orcs
  A kobold (D:6)
21 creatures vanquished.

Vanquished Creatures (others)
  An ogre zombie (D:6)
  2 howler monkey zombies
  3 adder zombies
  3 iguana zombies
  A jelly zombie (D:6)
  A gnoll zombie (D:6)
  A kobold zombie (D:6)
  11 orc zombies
  A quokka zombie (D:3)
24 creatures vanquished.

Grand Total: 157 creatures vanquished

Notes
Turn   | Place    | Note
-------+----------+-------------------------------------------
     0 | D:1      | mainiacjoe the Octopode Monk began the quest for the Orb.
     0 | D:1      | Reached XP level 1. HP: 16/16 MP: 1/1
   317 | D:1      | Reached XP level 2. HP: 14/21 MP: 2/2
   740 | D:2      | Found a faded altar of an unknown god.
   783 | D:2      | Prayed at the altar of an unknown god.
   783 | D:2      | Became a worshipper of Yredelemnul the Dark
   783 | D:2      | Reached * piety under Yredelemnul
   783 | D:2      | Reached ** piety under Yredelemnul
   841 | D:2      | Reached XP level 3. HP: 25/26 MP: 3/3
  1045 | D:2      | Reached *** piety under Yredelemnul
  1667 | D:3      | Reached skill level 4 in Long Blades
  1667 | D:3      | Reached XP level 4. HP: 24/31 MP: 4/4
  1862 | D:3      | Reached XP level 5. HP: 31/37 MP: 5/5
  2546 | D:4      | Reached skill level 5 in Long Blades
  2685 | D:4      | Reached XP level 6. HP: 36/43 MP: 6/6
  2845 | D:4      | Found a glowing golden altar of the Shining One.
  2904 | D:4      | Found an iron altar of Okawaru.
  2910 | D:4      | Found a shadowy altar of Dithmenos.
  3402 | D:4      | Found a hazy altar of Hepliaklqana.
  3489 | D:5      | Entered Level 5 of the Dungeon
  3562 | D:5      | Found a runed translucent door.
  3567 | D:5      | Noticed seawaffle's ghost (novice MiBe)
  3599 | D:5      | Found a staircase to the Ecumenical Temple.
  3609 | Temple   | Entered the Ecumenical Temple
  3719 | D:5      | Found a white marble altar of Elyvilon.
  3989 | D:5      | Reached XP level 7. HP: 15/49 MP: 7/7
  4363 | D:5      | Reached skill level 6 in Long Blades
  4760 | D:6      | Reached skill level 5 in Fighting
  4760 | D:6      | Reached skill level 5 in Dodging
  4939 | D:6      | Reached XP level 8. HP: 21/55 MP: 8/8
  4940 | D:6      | Reached skill level 7 in Long Blades
  5131 | D:6      | Noticed a komodo dragon
  5140 | D:6      | Gained mutation: Your mind is acute. (Int +4, Str/Dex -1)
                  | [potion of mutation]
  5140 | D:6      | Gained mutation: Your muscles are strong. (Str +4, Int/Dex
                  | -1) [potion of mutation]
  5390 | D:6      | Killed a komodo dragon
  5394 | D:6      | Reached skill level 8 in Long Blades
  5422 | D:6      | Reached XP level 9. HP: 29/62 MP: 9/9
  5678 | D:6      | Reached skill level 9 in Long Blades
  6204 | D:6      | Noticed a komodo dragon
  6229 | D:6      | Killed a komodo dragon
  6383 | D:7      | Noticed Duvessa
  6389 | D:7      | Noticed Pikel
  6390 | D:7      | Noticed Dowan
  6403 | D:7      | HP: 2/64 [Duvessa/+0 rapier (7)]
  6403 | D:7      | Mangled by Pikel

Illustrated notes

Levels and vault maps discovered:
D:1:      minmay_arrival_five_plusses, layout_basic
D:2:      layout_loops_corners, dreamdust_ecumenical_altar_drowned_temple,
          minmay_tromino_v7
D:3:      layout_loops_ring, roderic_batcave, nicolae_figureground_sparkle
D:4:      layout_layer_cave, okawaru_trees_2, nzn_hepliaklqana_mist_gate,
          mainiacjoe_overflow_concentric_impassable, grunt_dithmenos_smoke
D:5:      layout_basic, nicolae_elyvilon_peaceful_grove,
          minmay_temple_entry_stoned_glass, ebering_ghost_reflecting_pool,
          hellmonk_no_cap
D:6:      minmay_chambers_of_threes, layout_gridville
D:7:      layout_basic, mainiacjoe_overflow_small_starburst,
          nicolae_zen_rock_garden, nrook_mini_vaults, hangedman_feature_mirror,
          uniq_joseph, uniq_duvessa, uniq_pikel
Temple:   nicolae_temple_godzebo

Skill      XL: |  1  2  3  4  5  6  7  8  9 |
---------------+----------------------------+-----
Long Blades    | 4 5 6 8 9 |  9.5
Dodging        | 4 5 6 7 |  7.0
Fighting       | 4 5 6 7 |  7.0

Action                     |  1- 3 |  4- 6 |  7- 9 || total
---------------------------+-------+-------+-------++-------
  Melee: Falchion          |    18 |       |    19 ||    37
         Constrict         |    14 |    25 |    26 ||    65
         Tentacles         |    10 |    24 |    26 ||    60
         Long sword        |    26 |    76 |    25 ||   127
         Punch             |       |       |     6 ||     6
         Scimitar          |       |       |    66 ||    66
  Throw: Stone             |     4 |       |       ||     4
         Javelin           |       |       |     5 ||     5
         Dart              |       |       |     4 ||     4
 Invoke: Dark Bargain      |       |       |     2 ||     2
    Use: Scroll            |     9 |     2 |     3 ||    14
         Potion            |       |       |     4 ||     4
   Stab: Sleeping          |     1 |     1 |     1 ||     3
 Armour: Skin              |    20 |    38 |    61 ||   119
  Dodge: Dodged            |    28 |    64 |    92 ||   184
